 Dungeon Crawl Stone Soup version 0.27-a0-1555-g0e7b3fb1d2 (webtiles) character file.

Game seed: 10458094743703979679

325 bande the Covered (level 6, 0/38 HPs)
             Began as a Gargoyle Fighter on July 14, 2021.
             Slain by a wyvern zombie (11 damage)
             ... on level 4 of the Dungeon.
             The game lasted 00:04:48 (3027 turns).

bande the Covered (Gargoyle Fighter)                Turns: 3027, Time: 00:04:48

Health: 0/38       AC: 15    Str: 20    XL:     6   Next: 48%
Magic:  6/6        EV:  6    Int:  9    God:
Gold:   159        SH: 11    Dex: 16    Spells: 5/5 levels left

rFire    . . .     SeeInvis .   a - +0 war axe
rCold    + . .     Faith    .   c - +1 kite shield
rNeg     + . .     Spirit   .   s - +0 chain mail
rPois    ∞         Reflect  .   (no helmet)
rElec    +         Harm     .   m - +0 cloak
rCorr    .         Rampage  .   (no gloves)
Will     .....                  (no boots)
Stlth    ..........             (no amulet)
HPRegen  0.12/turn              f - +6 ring of dexterity
MPRegen  0.10/turn              k - ring of protection from cold

@: no status effects
A: sickness immunity, AC +4, negative energy resistance 1, electricity
resistance, torment resistance 1, petrification resistance
a: no special abilities


You were on level 4 of the Dungeon.
You visited 1 branch of the dungeon, and saw 4 of its levels.

You collected 159 gold pieces.

Inventory:

Hand Weapons
 a - a +0 war axe (weapon)
 r - a +2 flail of protection
Armour
 c - a +1 kite shield (worn)
 m - a +0 cloak (worn)
 s - a +0 chain mail (worn)
Jewellery
 f - a +6 ring of dexterity (left hand)
 k - a ring of protection from cold (right hand)
Scrolls
 b - 3 scrolls of identify
 g - 2 scrolls of fear
 h - 2 scrolls of teleportation
Potions
 d - 2 potions of might
 e - a potion of heal wounds
 o - 2 potions of invisibility
 p - 2 potions of curing
 q - 2 potions of magic


   Skills:
 + Level 4.3 Fighting
 + Level 3.7 Axes
 + Level 4.7 Armour
 + Level 0.8 Dodging
 + Level 4.6 Shields


You had 5 spell levels left.
You didn't know any spells.
Your spell library contained the following spells:

 Spells                   Type           Power      Damage    Failure   Level
 Foxfire                  Conj/Fire      0%         2x1d4     100%        1
 Slow                     Hex            0%         N/A       100%        2
 Confusing Touch          Hex            0%         N/A       100%        3
 Conjure Flame            Conj/Fire      0%         6-21      100%        3
 Inner Flame              Hex/Fire       0%         N/A       100%        3
 Yara's Violent Unravell  Hex/Tmut       0%         3d3       100%        5


Dungeon Overview and Level Annotations

Branches:
Dungeon (4/15)
 Temple: D:4-7

Altars:
Uskayaw


Innate Abilities, Weirdness & Mutations

You are immune to sickness and miasma.
Your stone body is resilient. (AC +4)
You are immune to poison.
You resist negative energy. (rN+)
You are resistant to electric shocks. (rElec)
You are resistant to unholy torment.
You are immune to petrification.


Message History

Blork the orc is severely wounded.
You block Blork the orc's attack.
Blork the orc hits you but does no damage.
Blork the orc miscasts a cantrip.
You slash Blork the orc!
You kill Blork the orc!
Things that are here:
a +0 glaive; a +2 robe of fire resistance
Things that are here:
a +0 glaive; a +2 robe of fire resistance You start resting.
HP restored.
Found 17 sling bullets.
A wyvern zombie comes into view.
You slash the wyvern zombie!
The wyvern zombie is moderately damaged.
The wyvern zombie bites you! The wyvern zombie barely misses you.
You hit the wyvern zombie but do no damage.
The wyvern zombie is moderately damaged.
The wyvern zombie closely misses you.
The wyvern zombie bites you but does no damage.
You hit the wyvern zombie.
The wyvern zombie is moderately damaged.
The wyvern zombie bites you! You block the wyvern zombie's attack.
You are too injured to fight recklessly!
You are too injured to fight recklessly!
You are too injured to fight recklessly!
You are too injured to fight recklessly!
You are too injured to fight recklessly!
You are too injured to fight recklessly!
You are too injured to fight recklessly!
You barely miss the wyvern zombie.
The wyvern zombie is moderately damaged.
The wyvern zombie bites you!
* * * LOW HITPOINT WARNING * * *
The wyvern zombie bites you but does no damage.
You slash the wyvern zombie!
The wyvern zombie is heavily damaged.
You block the wyvern zombie's attack. The wyvern zombie bites you!
You die...

#.#....# #.#.##.#
#.#.##.# #.#.##.#
#)#(##.#
###########.#.##.#
.................#
..............##.#
..............##@#
.....####.#.#.##Z#
.....####.#.#.##.#
.....'......#.##.#
.....####.###.##.#
......#<#.# #.##.#
........>.# #.#
......#.#.# #.#
......#.....


You could see a wyvern zombie.

Vanquished Creatures
  Menkaure (D:4)
  Blork the orc (D:4)
  Crazy Yiuf (D:2)
  Terence (D:3)
  2 adders
  2 worms
  A dart slug (D:1)
  3 bats
  7 endoplasms
  10 giant cockroaches
  4 hobgoblins
  4 jackals (D:2)
  6 kobolds
  A quokka (D:3)
  5 ball pythons
  A frilled lizard (D:1)
  5 goblins
  5 rats
60 creatures vanquished.

Notes
Turn   | Place    | Note
-------+----------+-------------------------------------------
     0 | D:1      | bande the Gargoyle Fighter began the quest for the Orb.
     0 | D:1      | Reached XP level 1. HP: 14/14 MP: 1/1
    71 | D:1      | Reached XP level 2. HP: 18/19 MP: 2/2
   269 | D:1      | Found a faded altar of an unknown god.
   859 | D:2      | Reached XP level 3. HP: 19/24 MP: 3/3
  1323 | D:2      | Found a runed translucent door.
  1324 | D:2      | Noticed Crazy Yiuf
  2046 | D:2      | Killed Crazy Yiuf
  2047 | D:2      | Reached XP level 4. HP: 22/29 MP: 4/4
  2246 | D:3      | Noticed Terence
  2252 | D:3      | Killed Terence
  2253 | D:3      | Reached XP level 5. HP: 25/33 MP: 5/5
  2550 | D:3      | Found a hide-covered altar of Uskayaw.
  2622 | D:4      | Noticed Menkaure
  2634 | D:4      | HP: 1/33 [Menkaure (9)]
  2638 | D:4      | Killed Menkaure
  2639 | D:4      | Reached XP level 6. HP: 24/38 MP: 6/6
  2858 | D:4      | Noticed Blork the orc
  2873 | D:4      | Killed Blork the orc
  3027 | D:4      | Slain by a wyvern zombie

Illustrated notes

Levels and vault maps discovered:
D:1:      dpeg_arrival_simpleton_b, layout_loops_ring,
          dreamdust_ecumenical_altar_angels_and_demons, kennysheep_small_spiral,
          nrook_mini_backslash, bh_walls_and_bars
D:2:      minmay_general_purpose_star, layout_loops_ring,
          uniq_crazy_yiuf_cottage
D:3:      minmay_roachtagon, layout_rooms, mainiacjoe_overflow_small_starburst,
          hex_large, uniq_terence
D:4:      layout_basic, st_stairs_6, corexii_hall_statues_t, uniq_edmund,
          uniq_blork_the_orc, uniq_menkaure

Skill      XL: |  1  2  3  4  5 |
---------------+----------------+-----
Axes           | 2 3 |  3.7
Armour         | 4 |  4.7
Shields        | 4 |  4.6
Fighting       | 4 |  4.3
Dodging        | |  0.8

Action                   |  1- 3 |  4- 6 || total
-------------------------+-------+-------++-------
Melee: War axe           |    97 |    69 ||   166
  Use: Scroll            |     5 |     6 ||    11
       Potion            |       |     3 ||     3
Armor: Scale mail        |    51 |     7 ||    58
       Chain mail        |       |    24 ||    24
Dodge: Dodged            |    33 |    21 ||    54
Block: Kite shield       |    57 |    48 ||   105

Table legend: (Time is in decaauts)
 A = Elapsed time spent in this place.
 B = Non-inter-level travel time spent in this place.
 C = Inter-level travel time spent in this place.
 D = Time resting spent in this place.
 E = Time spent auto-exploring this place.
 F = Levels seen in this place.
 G = Mean time per level.
                   A        B        C        D        E       F      G
               +--------+--------+--------+--------+--------+-----+--------+
         Total |   3128 |   3056 |     72 |    714 |   1822 |   4 |  782.0 |
       Dungeon |   3128 |   3056 |     72 |    714 |   1822 |   4 |  782.0 |
               +--------+--------+--------+--------+--------+-----+--------+

Top non-repeatable levels by time:
     D:2: 1365 daAuts
     D:1: 848 daAuts
     D:3: 494 daAuts
     D:4: 421 daAuts
